 Dungeon Crawl Stone Soup version 0.30-a0-34-gbe8da3892a (webtiles) character file.

Game seed: 1478635904050413873

1 frimble the Gusty (level 1, 0/13 HPs)
             Began as a Demonspawn Air Elementalist on Aug 28, 2022.
             Slain by a bat (1 damage)
             ... on level 1 of the Dungeon.
             The game lasted 00:00:24 (67 turns).

frimble the Gusty (Demonspawn Air Elementalist)       Turns: 67, Time: 00:00:25

Health: 0/13       AC:  2    Str:  8    XL:     1   Next: 16%
Magic:  0/3        EV: 12    Int: 22    God:
Gold:   10         SH:  0    Dex: 13    Spells: 3/4 levels left

rFire   . . .      SeeInvis .    g - +0 rapier
rCold   . . .      Faith    .    (no shield)
rNeg    . . .      Spirit   .    a - +0 robe
rPois   .          Reflect  .    (no helmet)
rElec   .          Harm     .    (no cloak)
rCorr   .          Rampage  .    (no gloves)
Will    .....                    (no boots)
Stlth   ++........               (no amulet)
HPRegen 0.04/turn                f - +6 ring of intelligence
MPRegen 0.08/turn                (no ring)

@: very slightly contaminated
A: no striking features
a: no special abilities


You were on level 1 of the Dungeon.
You visited 1 branch of the dungeon, and saw 1 of its levels.

You collected 10 gold pieces.

Inventory:

Hand Weapons
 g - a +0 rapier (weapon)
Armour
 a - a +0 robe (worn)
Jewellery
 f - a +6 ring of intelligence (left hand)
Scrolls
 e - a scroll of torment {unknown}
Potions
 b - a potion of magic
 c - a potion of flight


   Skills:
 + Level 1.8 Dodging
 + Level 1.8 Stealth
 + Level 2.0 Spellcasting
 + Level 1.0 Conjurations
 + Level 2.7 Air Magic


You had 3 spell levels left.
You knew the following spells:

 Your Spells              Type           Power      Damage    Failure   Level
a - Shock                 Conj/Air       40%        1d5       6%          1

Your spell library contained the following spells:

 Spells                   Type           Power      Damage    Failure   Level
 Static Discharge         Conj/Air       20%        3-5/arc   10%         2
 Swiftness                Air            14%        N/A       14%         3
 Airstrike                Air            7%         2d(1-17)  41%         4


Dungeon Overview and Level Annotations

Branches:
Dungeon (1/15)

Altars:


Message History

The endoplasm freezes you.
You are frozen.
The hobgoblin barely misses you.
Okay, then.
As you read the scroll labelled KIUSAF LIECYEFYCU, it crumbles to dust.
You feel strangely unstable.
It was a scroll of teleportation.
The bat misses you. The hobgoblin hits you. The endoplasm freezes you.
You are frozen.
* * * LOW HITPOINT WARNING * * *
The bat hits you but does no damage. The hobgoblin attacks as you move away!
The hobgoblin misses you. The bat completely misses you.
The bat attacks as you move away! The bat barely misses you.
Your surroundings suddenly seem different.
A ball python, a bat and a frilled lizard come into view.
Found a scroll labelled HAIBUIKONOS and a scroll labelled UGHITO QASUU.
The bat hits you.
* * * LOW HITPOINT WARNING * * *
Okay, then.
Aiming: Shock (safe; 6% risk of failure)
Press: ? - help, Q - select action Shift-Dir - straight line You miscast Shock.
You are very lightly contaminated with residual magic.
Nothing appears to happen.
The bat hits you but does no damage. The bat misses you. x2
You miss the bat. The bat closely misses you.
The bat hits you but does no damage. The bat misses you.
You see here a scroll labelled HAIBUIKONOS.
Aiming: Shock (safe; 6% risk of failure)
Press: ? - help, Q - select action Shift-Dir - straight line, f - bat
Aim: a bat (52% to hit)
The zap hits the bat.
The bat is moderately wounded.
The bat hits you but does no damage. x2
You don't have enough magic to cast this spell.
You don't have enough magic to cast this spell.
You barely miss the bat.
The bat is moderately wounded.
The bat hits you.
You die...

#..##....
##........
.........
##.......l
#.........
##.#.##...
#...# #b#.#
#@#.#
.......?..#
#######.#.#
....# ##. .
.### .# .#


You could see a bat.

Vanquished Creatures
  A hobgoblin (D:1)
1 creature vanquished.

Notes
Turn   | Place    | Note
-------+----------+-------------------------------------------
     0 | D:1      | frimble the Demonspawn Air Elementalist began the quest for
                  | the Orb.
     0 | D:1      | Reached XP level 1. HP: 13/13 MP: 3/3
    67 | D:1      | Slain by a bat

Illustrated notes

Levels and vault maps discovered:
D:1:      dpeg_arrival_solitude, layout_loops_ring, basic_ecumenical_altar,
          minmay_split_cup_large

Action                   || total
-------------------------++-------
Melee: Rapier            ||     3
 Cast: Shock             ||     3
  Use: Scroll            ||     2
Armor: Robe              ||     6
Dodge: Dodged            ||    13

Table legend: (Time is in decaauts)
 A = Elapsed time spent in this place.
 B = Non-inter-level travel time spent in this place.
 C = Inter-level travel time spent in this place.
 D = Time resting spent in this place.
 E = Time spent auto-exploring this place.
 F = Levels seen in this place.
 G = Mean time per level.
                   A        B        C        D        E       F      G
               +--------+--------+--------+--------+--------+-----+--------+
         Total |     66 |     66 |      0 |      0 |     33 |   1 |   66.0 |
       Dungeon |     66 |     66 |      0 |      0 |     33 |   1 |   66.0 |
               +--------+--------+--------+--------+--------+-----+--------+

Top non-repeatable levels by time:
     D:1: 66 daAuts
